AoeStats
← OmarGutieG

Hill Fort

506362513Analyzed
2v2 RM · 19d ago on Sep 13, 2026· 28m 43s· 4 players
Game mode
Random Map
Map size
Medium (4 player)
Population
200
Speed
Normal
Resources
Standard
Victory
Conquest
Starting age
Dark Age
Ending age
Imperial Age
RankedLock teamsTeams togetherTeam positionsShared explorationLock speedFull tech treeHidden civsTurbo modeCheats
Victory
Defeat
🇪🇸 Armenians · Spain
1358
+14
🇪🇸 Malay · Spain
1357
+14
🇲🇽 Persians · Mexico
1317
-14
🇲🇽 Koreans · Mexico
1310
-14
armigame1
9:39 Feudal Age
10:48 Loom
16:13 Castle Age
14:34 Gold Mining
14:51 Double-Bit Axe
15:55 Horse Collar
16:50 Scale Barding Armor
18:31 Bloodlines
25:13 Husbandry
28:38 Forging
OmarGutieG
8:18 Loom
10:04 Feudal Age
15:54 Castle Age
15:06 Double-Bit Axe
15:04 Horse Collar
17:06 Bow Saw
21:10 Wheelbarrow
22:13 Fletching
24:51 Hand Cart
Morrión
11:19 Feudal Age
12:08 Horse Collar
12:22 Double-Bit Axe
19:15 Castle Age
17:25 Double-Bit Axe
18:28 Man-at-Arms
19:29 Scale Mail Armor
19:41 Forging
19:18 Loom
20:10 Wheelbarrow
20:14 Squires
20:53 Heavy Plow
20:22 Long Swordsman
21:18 Arson
21:30 Gambesons
22:41 Two-Handed Swordsman
24:01 Chain Mail Armor
25:45 Iron Casting
juanca12
9:29 Loom
12:30 Feudal Age
17:12 Castle Age
15:06 Horse Collar
15:15 Double-Bit Axe
18:08 Scale Barding Armor
23:05 Husbandry
23:26 Heavy Plow
24:09 Wheelbarrow
24:51 Bow Saw
27:54 Hand Cart
Connection lost

Rejoining the realm…

Still unreachable

The connection could not be restored.

Session expired

The server has moved on; the page needs a fresh start.